3A
PUT-IN-BAY BC @ GRAND FORKS CATERPILLARS
07/21/2038
 
TOP OF THE 1ST
Put-In-Bay BC batting - Pitching for Grand Forks Caterpillars : RHP Juan Capmany
Pitching: RHP Juan Capmany
Batting: RHB Eduard Argelander 0-0: Called Strike
0-1: Foul Ball, location: 2F
0-2: Ball
1-2: SINGLE (Groundball, 6MD, EV 97.5 MPH)
Batting: RHB Tom Hendrickson 0-0: Ball
1-0: Ball
2-0: Called Strike
2-1: Called Strike
2-2: Foul Ball, location: 2F
2-2: Strikes out swinging
Batting: LHB Snow Wang 0-0: Ball
1-0: Swinging Strike
1-1: Ball
2-1: Fly out, F8 (Flyball, 8LS, EV 93.8 MPH)
Batting: LHB Javier Castro 0-0: Ball
1-0: Ball
2-0: Fly out, F7 (Line Drive, 7, EV 103.8 MPH)
Top of the 1st over - 0 runs, 1 hit, 0 errors, 1 left on base; Put-In-Bay 0 - Grand Forks 0
BOTTOM OF THE 1ST
Grand Forks Caterpillars batting - Pitching for Put-In-Bay BC : RHP Eric Manchester
Pitching: RHP Eric Manchester
Batting: LHB Armando Ventura 0-0: Ball
1-0: Bunt missed!
1-1: Ball
2-1: Ball
3-1: Ground out 5-3 (Groundball, 5, EV 90.0 MPH)
Batting: RHB John Camp 0-0: Foul Ball, location: 2F
0-1: Fly out, F8 (Flyball, 8RD, EV 102.5 MPH)
Batting: LHB Keaton Kringlen 0-0: Ball
1-0: Called Strike
1-1: Called Strike
1-2: Strikes out looking
Bottom of the 1st over - 0 runs, 0 hits, 0 errors, 0 left on base; Put-In-Bay 0 - Grand Forks 0
TOP OF THE 2ND
Put-In-Bay BC batting - Pitching for Grand Forks Caterpillars : RHP Juan Capmany
Batting: LHB Wyatt Quick 0-0: Foul Ball, location: 2F
0-1: Foul Ball, location: 2F
0-2: Strikes out swinging
Batting: RHB Andy Noonkester 0-0: Fly out, F8 (Line Drive, 8RM, EV 101.2 MPH)
Batting: RHB Chris Thompson 0-0: Foul Ball, location: 2F
0-1: Ball
1-1: SINGLE (Line Drive, 56, EV 103.8 MPH)
Batting: RHB Kiril Neuvel 0-0: Ball
1-0: Called Strike
1-1: Ball
2-1: Fly out, F9 (Line Drive, 9, EV 105.6 MPH)
Top of the 2nd over - 0 runs, 1 hit, 0 errors, 1 left on base; Put-In-Bay 0 - Grand Forks 0
BOTTOM OF THE 2ND
Grand Forks Caterpillars batting - Pitching for Put-In-Bay BC : RHP Eric Manchester
Batting: RHB Dima Tabakaev 0-0: Ball
1-0: Ball
2-0: DOUBLE (Line Drive, 8LD, EV 111.9 MPH)
Batting: LHB Carlos Rosário 0-0: Called Strike
0-1: Fly out, F9 (Flyball, 9D, EV 101.2 MPH)
Runner from 2nd tags up, SAFE at 3rd, no throw by RF
Batting: RHB Eugene Bradley 0-0: Ball
1-0: Foul Ball, location: 2F
1-1: SINGLE (Line Drive, 34, EV 97.5 MPH)
Dima Tabakaev scores
Batting: RHB Bert Allison 0-0: Ball
Eugene Bradley is caught stealing 2nd base 2-4
1-0: Ground out 4-3 (Groundball, 4, EV 85.0 MPH)
Bottom of the 2nd over - 1 run, 2 hits, 0 errors, 0 left on base; Put-In-Bay 0 - Grand Forks 1
TOP OF THE 3RD
Put-In-Bay BC batting - Pitching for Grand Forks Caterpillars : RHP Juan Capmany
Batting: RHB Victor Haley 0-0: Foul Ball, location: 2F
0-1: SOLO HOME RUN (Flyball, 7D, EV 101.9 MPH), Distance : 365 ft
Batting: RHB Eduard Argelander 0-0: Ball
1-0: Ball
2-0: Called Strike
2-1: SINGLE (Groundball, 56D, EV 95.6 MPH)
Batting: RHB Tom Hendrickson 0-0: Foul Ball, location: 2F
0-1: Swinging Strike
0-2: Strikes out swinging
Batting: LHB Snow Wang 0-0: Fielders Choice at 2nd, 3-6 (Groundball, 3, EV 111.2 MPH)
Batting: LHB Javier Castro 0-0: Ball
1-0: Ball
Snow Wang is caught stealing 2nd base 2-6
Top of the 3rd over - 1 run, 2 hits, 0 errors, 0 left on base; Put-In-Bay 1 - Grand Forks 1
BOTTOM OF THE 3RD
Grand Forks Caterpillars batting - Pitching for Put-In-Bay BC : RHP Eric Manchester
Batting: RHB Alfredo Guerrero 0-0: SINGLE (Groundball, 56D, EV 100.6 MPH)
Batting: RHB Curtis Edwards 0-0: Ball
1-0: Ball
2-0: Swinging Strike
2-1: Foul Ball, location: 2F
2-2: Strikes out swinging
Batting: LHB Armando Ventura 0-0: Ball
1-0: Called Strike
1-1: Foul Ball, location: 2F
1-2: Strikes out looking
Batting: RHB John Camp 0-0: Called Strike
0-1: Ball
1-1: Foul Ball, location: 2F
1-2: Ball
2-2: Strikes out swinging
Bottom of the 3rd over - 0 runs, 1 hit, 0 errors, 1 left on base; Put-In-Bay 1 - Grand Forks 1
TOP OF THE 4TH
Put-In-Bay BC batting - Pitching for Grand Forks Caterpillars : RHP Juan Capmany
Batting: LHB Javier Castro 0-0: Called Strike
0-1: Foul Ball, location: 2F
0-2: Ball
1-2: Strikes out looking
Batting: LHB Wyatt Quick 0-0: Foul Ball, location: 2F
0-1: Ball
1-1: Swinging Strike
1-2: Ball
2-2: SINGLE (Flyball, 7S, EV 86.2 MPH)
Batting: RHB Andy Noonkester 0-0: Ball
1-0: Swinging Strike
1-1: Foul Ball, location: 2F
1-2: Ball
2-2: Foul Ball, location: 2F
2-2: Ground out U3 (Groundball, 34S, EV 75.6 MPH)
Wyatt Quick to second
Batting: RHB Chris Thompson 0-0: Ball
1-0: Foul Ball, location: 2F
1-1: Ball
2-1: Fly out, F7 (Flyball, 7LS, EV 88.8 MPH)
Top of the 4th over - 0 runs, 1 hit, 0 errors, 1 left on base; Put-In-Bay 1 - Grand Forks 1
BOTTOM OF THE 4TH
Grand Forks Caterpillars batting - Pitching for Put-In-Bay BC : RHP Eric Manchester
Batting: LHB Keaton Kringlen 0-0: Swinging Strike
0-1: Ball
1-1: Ball
2-1: Foul Ball, location: 2F
2-2: Foul Ball, location: 2F
2-2: Ground out U3 (Groundball, 34, EV 100.6 MPH)
Batting: RHB Dima Tabakaev 0-0: Foul Ball, location: 2F
0-1: DOUBLE (Line Drive, 7LM, EV 93.8 MPH)
Batting: LHB Carlos Rosário 0-0: Ball
1-0: Fly out, F3 (Popup, 3F, EV 79.4 MPH)
Batting: RHB Eugene Bradley 0-0: Called Strike
0-1: Ball
1-1: Called Strike
1-2: Strikes out looking
Bottom of the 4th over - 0 runs, 1 hit, 0 errors, 1 left on base; Put-In-Bay 1 - Grand Forks 1
TOP OF THE 5TH
Put-In-Bay BC batting - Pitching for Grand Forks Caterpillars : RHP Juan Capmany
Batting: RHB Kiril Neuvel 0-0: Swinging Strike
0-1: Called Strike
0-2: Foul Ball, location: 2F
0-2: Foul Ball, location: 2F
0-2: Ball
1-2: Strikes out looking
Batting: RHB Victor Haley 0-0: Ball
1-0: Swinging Strike
1-1: Fly out, F9 (Flyball, 9S, EV 83.8 MPH)
Batting: RHB Eduard Argelander 0-0: DOUBLE (Line Drive, 89M, EV 86.2 MPH)
Batting: RHB Tom Hendrickson 0-0: Fly out, F8 (Line Drive, 8RD, EV 91.9 MPH)
Top of the 5th over - 0 runs, 1 hit, 0 errors, 1 left on base; Put-In-Bay 1 - Grand Forks 1
BOTTOM OF THE 5TH
Grand Forks Caterpillars batting - Pitching for Put-In-Bay BC : RHP Eric Manchester
Batting: RHB Bert Allison 0-0: Ball
1-0: Ball
2-0: Ball
3-0: Called Strike
3-1: Base on Balls
Batting: RHB Alfredo Guerrero 0-0: Sac Bunt to 13 - play at first, batter OUT! 1-3
Bert Allison to second
Batting: RHB Curtis Edwards 0-0: Ground out 6-3 (Groundball, 6, EV 83.1 MPH)
Batting: LHB Armando Ventura 0-0: Ball
1-0: Ball
2-0: Ball
3-0: Called Strike
3-1: Called Strike
3-2: Strikes out swinging
Bottom of the 5th over - 0 runs, 0 hits, 0 errors, 1 left on base; Put-In-Bay 1 - Grand Forks 1
TOP OF THE 6TH
Put-In-Bay BC batting - Pitching for Grand Forks Caterpillars : RHP Juan Capmany
Batting: LHB Snow Wang 0-0: Ball
1-0: Called Strike
1-1: Foul Ball, location: 2F
1-2: Strikes out looking
Batting: LHB Javier Castro 0-0: DOUBLE (Line Drive, 7LM, EV 100.6 MPH)
Batting: LHB Wyatt Quick 0-0: Foul Ball, location: 2F
0-1: Swinging Strike
0-2: Foul Ball, location: 2F
0-2: Ball
1-2: Foul Ball, location: 2F
1-2: Foul Ball, location: 2F
1-2: Ball
2-2: Ground out 4-3 (Groundball, 34D, EV 110.0 MPH)
Javier Castro to third
Pitching: RHP Yang-cheng Chen
Batting: RHB Andy Noonkester 0-0: Swinging Strike
0-1: Called Strike
0-2: Ball
1-2: Ball
2-2: Foul Ball, location: 2F
2-2: Fly out, F8 (Flyball, 8LM, EV 88.1 MPH)
Top of the 6th over - 0 runs, 1 hit, 0 errors, 1 left on base; Put-In-Bay 1 - Grand Forks 1
BOTTOM OF THE 6TH
Grand Forks Caterpillars batting - Pitching for Put-In-Bay BC : RHP Eric Manchester
Batting: RHB John Camp 0-0: Ball
1-0: Ball
2-0: Ball
3-0: Called Strike
3-1: Fly out, F6 (Flyball, 5D, EV 81.2 MPH)
Batting: LHB Keaton Kringlen 0-0: Ball
1-0: Ball
2-0: Foul Ball, location: 2F
2-1: Ball
3-1: Base on Balls
Batting: RHB Dima Tabakaev 0-0: Called Strike
0-1: Called Strike
0-2: Ball
1-2: Strikes out swinging
Batting: LHB Carlos Rosário 0-0: Ball
1-0: Called Strike
1-1: Called Strike
1-2: Foul Ball, location: 2F
1-2: Ground out 1-3 (Groundball, 13S, EV 61.2 MPH)
Bottom of the 6th over - 0 runs, 0 hits, 0 errors, 1 left on base; Put-In-Bay 1 - Grand Forks 1
TOP OF THE 7TH
Put-In-Bay BC batting - Pitching for Grand Forks Caterpillars : RHP Yang-cheng Chen
Batting: RHB Chris Thompson 0-0: Fly out, F7 (Flyball, 7LS, EV 93.1 MPH)
Batting: RHB Kiril Neuvel 0-0: Ball
1-0: Ball
2-0: Called Strike
2-1: Swinging Strike
2-2: Strikes out looking
Batting: RHB Victor Haley 0-0: Ball
1-0: Called Strike
1-1: Ball
2-1: Called Strike
2-2: Ball
3-2: Foul Ball, location: 2F
3-2: Ground out 6-3 (Groundball, 6, EV 80.0 MPH)
Top of the 7th over - 0 runs, 0 hits, 0 errors, 0 left on base; Put-In-Bay 1 - Grand Forks 1
BOTTOM OF THE 7TH
Grand Forks Caterpillars batting - Pitching for Put-In-Bay BC : RHP Eric Manchester
Batting: RHB Eugene Bradley 0-0: Ball
1-0: Foul Ball, location: 2F
1-1: SINGLE (Line Drive, 8RS, EV 103.8 MPH)
Batting: RHB Bert Allison 0-0: Fly out, F8 (Line Drive, 8RD, EV 89.4 MPH)
Batting: RHB Alfredo Guerrero 0-0: Called Strike
Eugene Bradley steals 2nd, throwing error, E2
Eugene Bradley to third
0-1: SINGLE (Groundball, 34D, EV 98.8 MPH)
Eugene Bradley scores
Batting: RHB Curtis Edwards 0-0: Called Strike
0-1: Ball
1-1: Fly out, F3 (Line Drive, 3, EV 67.5 MPH)
Batting: LHB Armando Ventura 0-0: Ball
1-0: Foul Ball, location: 2F
1-1: Called Strike
1-2: Foul Ball, location: 2F
1-2: Ball
2-2: Foul Ball, location: 2F
2-2: SINGLE (Groundball, 4MD, EV 99.4 MPH)
Alfredo Guerrero to second
Batting: RHB John Camp 0-0: Ball
1-0: Foul Ball, location: 2F
1-1: Ball
2-1: Called Strike
2-2: Ball
3-2: Foul Ball, location: 2F
3-2: Foul Ball, location: 2F
3-2: Fly out, F9 (Flyball, 9LSF, EV 96.9 MPH)
Bottom of the 7th over - 1 run, 3 hits, 1 error, 2 left on base; Put-In-Bay 1 - Grand Forks 2
TOP OF THE 8TH
Put-In-Bay BC batting - Pitching for Grand Forks Caterpillars : RHP Yang-cheng Chen
Batting: RHB Eduard Argelander 0-0: Called Strike
0-1: Foul Ball, location: 2F
0-2: Ball
1-2: Ball
2-2: SINGLE (Groundball, 34D, EV 98.1 MPH)
Batting: RHB Tom Hendrickson 0-0: Bunted foul
0-1: Ball
1-1: Ball
2-1: Bunt missed!
2-2: Ball
3-2: Fly out, F6 (Line Drive, 6, EV 65.6 MPH)
Batting: LHB Snow Wang 0-0: Ball
1-0: Called Strike
1-1: Foul Ball, location: 2F
1-2: Ball
2-2: Ball
3-2: Foul Ball, location: 2F
3-2: Grounds into double play, 4-6-3 (Groundball, 4, EV 99.4 MPH)
Top of the 8th over - 0 runs, 1 hit, 0 errors, 0 left on base; Put-In-Bay 1 - Grand Forks 2
BOTTOM OF THE 8TH
Grand Forks Caterpillars batting - Pitching for Put-In-Bay BC : RHP Eric Manchester
Pitching: LHP Shan-bo Kang
Batting: LHB Keaton Kringlen 0-0: Ball
1-0: Foul Ball, location: 2F
1-1: Ball
2-1: Ball
3-1: Base on Balls
Batting: RHB Dima Tabakaev 0-0: Ball
1-0: Called Strike
1-1: Foul Ball, location: 2F
1-2: Foul Ball, location: 2F
1-2: Strikes out looking
Batting: LHB Carlos Rosário 0-0: Called Strike
0-1: Ball
1-1: Foul Ball, location: 2F
1-2: Strikes out swinging
Batting: RHB Eugene Bradley 0-0: Ball
1-0: Swinging Strike
1-1: Ball
2-1: Foul Ball, location: 2F
2-2: Ball
3-2: Strikes out swinging
Bottom of the 8th over - 0 runs, 0 hits, 0 errors, 1 left on base; Put-In-Bay 1 - Grand Forks 2
TOP OF THE 9TH
Put-In-Bay BC batting - Pitching for Grand Forks Caterpillars : RHP Yang-cheng Chen
Pitching: RHP Ludovic Laurent
Now in LF: Jeet Kandathil
Batting: LHB Javier Castro 0-0: Called Strike
0-1: Foul Ball, location: 2F
0-2: Ball
1-2: Strikes out swinging
Batting: LHB Wyatt Quick 0-0: Ball
1-0: Foul Ball, location: 2F
1-1: Called Strike
1-2: Strikes out swinging
Pinch Hitting: LHB Sergio Morán 0-0: Ground out 6-3 (Groundball, 6, EV 93.1 MPH)
Top of the 9th over - 0 runs, 0 hits, 0 errors, 0 left on base; Put-In-Bay 1 - Grand Forks 2
Friday, April 17th, 2020 - OOTP Baseball 20.8 Build 74